 Dungeon Crawl Stone Soup version 0.19-b1-4-gd8a0a2a (webtiles) character file.

180 Gargoyl the Skirmisher (level 5, -1/42 HPs)
             Began as a Demonspawn Abyssal Knight on Oct 31, 2016.
             Was a Believer of Lugonu.
             Slain by Sigmund
             ... wielding a +0 scythe
              (13 damage)
             ... on level 2 of the Dungeon.
             The game lasted 00:05:21 (1970 turns).

Gargoyl the Skirmisher (Demonspawn Abyssal Knight)  Turns: 1970, Time: 00:05:21

Health: -1/42      AC:  6    Str: 14    XL:     5   Next: 33%
Magic:  7/7        EV:  7    Int: 13    God:    Lugonu [**....]
Gold:   32         SH:  7    Dex: 12    Spells: 0 memorised, 4 levels left

rFire  . . .     SeeInvis .     a - +1 hand axe
rCold  + . .     Gourm    .     b - +0 scale mail
rNeg   . . .     Faith    .     k - +0 shield
rPois  .         Spirit   .     (helmet restricted)
rElec  .         Reflect  .     (no cloak)
rCorr  .         Harm     .     (no gloves)
MR     .....                    (no boots)
Stlth  ..........               (no amulet)
                                (no ring)
                                g - ring of protection from cold

@: no status effects
A: horns 1, powered by death 3
a: Depart the Abyss, Bend Space, Renounce Religion


You were on level 2 of the Dungeon.
You worshipped Lugonu.
Lugonu was pleased with you.
You were hungry.

You visited 1 branch of the dungeon, and saw 2 of its levels.
You visited the Abyss 1 time.

You collected 32 gold pieces.

Inventory:

Hand Weapons
 a - a +1 hand axe (weapon)
Missiles
 d - 4 tomahawks of returning (quivered)
Armour
 b - a +0 scale mail (worn)
 e - a +1 helmet
 k - a +0 shield (worn)
Jewellery
 g - a ring of protection from cold (left hand)
Scrolls
 f - a scroll of remove curse
 l - 2 scrolls of teleportation
Potions
 h - 2 potions of curing
Comestibles
 c - 2 bread rations
 j - 4 beef jerkies
 m - a meat ration


   Skills:
 + Level 3.7 Fighting
 + Level 2.6 Axes
 * Level 3.0 Armour
 + Level 1.6 Dodging
 + Level 1.2 Shields
 * Level 3.6 Invocations


You had 4 spell levels left.
You didn't know any spells.

Dungeon Overview and Level Annotations

Branches:
Dungeon (2/15)

Altars:
Fedhas
Kikubaaqudgha
Ru

Annotations:
D:2 Sigmund


Innate Abilities, Weirdness & Mutations

You have a pair of small horns on your head.
You regenerate a lot of health from kills.


Message History

Sigmund casts a spell.
Sigmund flickers and vanishes!
Deactivating autopickup; reactivate with Ctrl-A.
Something hits you! Something hits you.
You closely miss something. Something hits you.
You hit something. You headbutt something. You closely miss something.
Something hits you!
You closely miss something. Your headbutt misses something. Something hits you.
Okay, then.
It was a potion of curing.
You feel better. Something hits you!
You feel better.
You hit something. You headbutt something. You block something's attack.
You closely miss something. Something hits you!
* * * LOW HITPOINT WARNING * * *
You hit something.
You hear some strange, mumbled words.
Something tries to affect you, but you resist.
It was a potion of cancellation.
You feel magically purged. Something hits you!
You die...

#..[......##.# #.#
#....
##'''#####....#
#.# #.###
##.....## ####.#
#.######.#
##.⌠.#.⌠.## #.#
#....<...#
#.#.#.#.#.# #.#
#..#######
#..#.⌠.#..# #÷#
#..# #.#.#.#.#.#
#.#####..#
##.⌠.#.⌠.##
#........# ##
##.#.#.#.#.##
#@######.# #.
#.⌠.#.⌠.#.⌠.#
#{....##.########.
##.#.#.#.#.##
#.###.#..........#
#.#.⌠.#.⌠.#.# ...
#..##.###.##
##.#.#.#.#.## #.#
#..##......#
#.⌠.#...#.⌠.# #.#
#..##..##.##
##.#.⌠.⌠.#.##
..#####..##..###.#
##..._...##
.........##..# ###
##.⌠.⌠.##
######......# ###


There were no monsters in sight!

Vanquished Creatures
  2 vampire bats (D:2)
  4 adders (D:2)
  3 dart slugs
  2 bat skeletons (D:2)
  5 bat zombies (D:2)
  2 giant cockroaches (D:1)
  6 hobgoblins
  4 jackals (D:2)
  6 kobolds
  2 quokkas (D:2)
  A ball python (D:2)
  4 bats
  6 frilled lizards
  8 goblins
  A rat (D:1)
56 creatures vanquished.

Notes
Turn   | Place    | Note
-------+----------+-------------------------------------------
     0 | Abyss:1  | Gargoyl the Demonspawn Abyssal Knight began the quest for the Orb.
     0 | Abyss:1  | Reached XP level 1. HP: 18/18 MP: 2/2
    58 | Abyss:2  | Noticed a tentacled starspawn
    78 | Abyss:2  | Noticed a starcursed mass
    80 | Abyss:2  | Noticed an ice dragon zombie
    82 | Abyss:2  | Noticed an ancient zyme
    92 | D:1      | Escaped the Abyss
   192 | D:1      | Reached skill level 1 in Dodging
   271 | D:1      | Gained mutation: You regenerate a little health from kills. [demonic ancestry]
   271 | D:1      | Reached XP level 2. HP: 19/24 MP: 4/4
   365 | D:1      | Reached * piety under Lugonu
   880 | D:2      | Gained mutation: You regenerate health from kills. [demonic ancestry]
   880 | D:2      | Reached XP level 3. HP: 27/29 MP: 5/5
   968 | D:2      | Noticed Sigmund
  1452 | D:2      | Gained mutation: You regenerate a lot of health from kills. [demonic ancestry]
  1452 | D:2      | Reached XP level 4. HP: 34/35 MP: 6/6
  1565 | D:2      | Found a sacrificial altar of Ru.
  1588 | D:2      | Reached ** piety under Lugonu
  1710 | D:2      | Found a blossoming altar of Fedhas.
  1910 | D:2      | Found an ancient bone altar of Kikubaaqudgha.
  1915 | D:2      | Gained mutation: You have a pair of small horns on your head. [demonic ancestry]
  1915 | D:2      | Reached XP level 5. HP: 40/41 MP: 7/7
  1927 | D:2      | Reached skill level 1 in Shields
  1970 | D:2      | Slain by Sigmund

Skill      XL: |  1  2  3  4  5 |
---------------+----------------+-----
Armour         | 2 3 |  3.0
Dodging        | 1 |  1.6
Invocations    | 3 |  3.6
Axes           | 2 |  2.6
Shields        | 1 |  1.2
Fighting       | |  3.7

Action                   |  1- 3 |  4- 6 || total
-------------------------+-------+-------++-------
Melee: Hand axe          |   111 |    75 ||   186
       Headbutt          |       |     2 ||     2
Invok: Depart the Abyss  |     1 |       ||     1
  Use: Scroll            |     7 |       ||     7
       Potion            |       |     3 ||     3
  Eat: Chunk             |     2 |     1 ||     3
Armor: Leather armour    |    59 |       ||    59
       Ring mail         |     4 |       ||     4
       Scale mail        |       |    81 ||    81
Dodge: Dodged            |    94 |    52 ||   146
Block: Shield            |       |    54 ||    54
